 Dungeon Crawl Stone Soup version 0.27.1 (webtiles) character file.

Game seed: 15946137696345315930

16 capitangugle the Gusty (level 2, 0/15 HPs)
             Began as a Deep Elf Air Elementalist on Sept 1, 2021.
             Was a Follower of Cheibriados.
             Slain by a goblin (4 damage)
             ... on level 1 of the Dungeon.
             The game lasted 00:03:36 (2570 turns).

capitangugle the Gusty (Deep Elf Air Elementalist)  Turns: 2570, Time: 00:03:36

Health: 0/15       AC:  2    Str:  7    XL:     2   Next: 37%
Magic:  3/8        EV: 13    Int: 21    God:    Cheibriados [*.....]
Gold:   26         SH:  0    Dex: 17    Spells: 6/7 levels left

rFire    . . .     SeeInvis .   b - +0 dagger
rCold    . . .     Faith    .   (no shield)
rNeg     . . .     Spirit   .   a - +0 robe
rPois    .         Reflect  .   (no helmet)
rElec    .         Harm     .   (no cloak)
rCorr    .         Rampage  .   (no gloves)
Will     .....                  (no boots)
Stlth    ++........             (no amulet)
HPRegen  0.05/turn              (no ring)
MPRegen  0.11/turn              (no ring)

@: very slow
A: no striking features
a: Renounce Religion, Bend Time


You were on level 1 of the Dungeon.
You worshipped Cheibriados.
Cheibriados was aware of your devotion.
You visited 1 branch of the dungeon, and saw 1 of its levels.

You collected 26 gold pieces.

Inventory:

Hand Weapons
 b - a +0 dagger (weapon)
 c - a +0 dagger
Missiles
 e - 24 stones
 f - 22 sling bullets
Armour
 a - a +0 robe (worn)
Scrolls
 g - a scroll of identify
Potions
 d - a potion of curing {unknown}


   Skills:
 + Level 3.0 Dodging
 + Level 2.5 Stealth
 + Level 3.1 Spellcasting
 + Level 1.2 Conjurations
 + Level 3.3 Air Magic


You had 6 spell levels left.
You knew the following spells:

 Your Spells              Type           Power      Damage    Failure   Level
a - Shock                 Conj/Air       48%        1d6       5%          1

Your spell library contained the following spells:

 Spells                   Type           Power      Damage    Failure   Level
 Static Discharge         Conj/Air       12%        N/A       8%          2
 Swiftness                Air            17%        N/A       10%         3
 Airstrike                Air            8%         N/A       32%         4


Dungeon Overview and Level Annotations

Branches:
Dungeon (1/15)

Altars:
Cheibriados


Message History

Cheibriados thoroughly appreciates the change of pace.
Your Dodging skill increases to level 3!
You open the door.
Found 17 gold pieces.
There is an open door here.
You now have 26 gold pieces (gained 17).
There are no items here.
A goblin and a kobold come into view.
The kobold shouts!
The goblin shouts!
You hear an angry hiss. x2
Casting: Shock (safe; 5% risk of failure)
Confirm with . or Enter, or press ? or * to list all spells.
Aiming: Shock (safe; 5% risk of failure)
Press: ? - help, Shift-Dir - straight line, f - kobold
Aim: a kobold, wielding a +0 club (60% to hit)
The zap hits the kobold but does no damage.
Casting: Shock (safe; 5% risk of failure)
Confirm with . or Enter, or press ? or * to list all spells.
Aiming: Shock (safe; 5% risk of failure)
Press: ? - help, Shift-Dir - straight line, f/p - kobold
Aim: a kobold, wielding a +0 club (60% to hit)
The zap misses the kobold.
The zap hits the goblin.
The goblin is moderately wounded.
The kobold hits you with a +0 club. The goblin hits you but does no damage.
Casting: Shock (safe; 5% risk of failure)
Confirm with . or Enter, or press ? or * to list all spells.
Aiming: Shock (safe; 5% risk of failure)
Press: ? - help, Shift-Dir - straight line, f/p - kobold
Aim: a kobold, wielding a +0 club (60% to hit)
The zap hits the kobold.
The kobold is moderately wounded.
The kobold hits you with a +0 club. The goblin misses you.
Casting: Shock (safe; 5% risk of failure)
Confirm with . or Enter, or press ? or * to list all spells.
Aiming: Shock (safe; 5% risk of failure)
Press: ? - help, Shift-Dir - straight line, f/p - kobold
Aim: a kobold, wielding a +0 club (moderately wounded, 60% to hit)
The zap misses the kobold.
The kobold hits you with a +0 club.
* * * LOW HITPOINT WARNING * * *
The goblin hits you with a +0 club.
You die...

.#
#####'#.......#
#.#.......#
#.#..##'###
#.#......#
###.###..# # #
#.###..# .#.#
#......##...#.#
######g........
.......K@.......
...##...........
#.#########. #.
+. #


You could see a goblin and a kobold.

Vanquished Creatures
  A dart slug (D:1)
  4 bats (D:1)
  A giant cockroach (D:1)
  2 goblins (D:1)
  2 kobolds (D:1)
  2 quokkas (D:1)
12 creatures vanquished.

Notes
Turn   | Place    | Note
-------+----------+-------------------------------------------
     0 | D:1      | capitangugle the Deep Elf Air Elementalist began the quest
                  | for the Orb.
     0 | D:1      | Reached XP level 1. HP: 10/10 MP: 6/6
  1995 | D:1      | Reached XP level 2. HP: 15/15 MP: 2/8
  2506 | D:1      | Found a faded altar of an unknown god.
  2516 | D:1      | Became a worshipper of Cheibriados the Contemplative
  2516 | D:1      | Reached * piety under Cheibriados
  2570 | D:1      | Slain by a goblin

Illustrated notes

Levels and vault maps discovered:
D:1:      dpeg_arrival_arbitrary_a, layout_basic, basic_ecumenical_altar

Skill      XL: |  1  2 |
---------------+-------+-----
Dodging        | 3 |  3.0
Stealth        | |  2.5
Spellcasting   | |  3.1
Conjurations   | |  1.2
Air Magic      | |  3.3

Action                   || total
-------------------------++-------
Melee: Dagger            ||     3
 Cast: Shock             ||    31
  Use: Scroll            ||     1
       Potion            ||     1
Armor: Robe              ||    14
Dodge: Dodged            ||    40
